AoeStats
← Afterchabon

Arena

510008332Analyzed
3v3 RM · 4d ago on Sep 29, 2026· 51m 7s· 6 players
Game mode
Random Map
Map size
Normal (6 player)
Population
200
Speed
Normal
Resources
Standard
Victory
Conquest
Starting age
Dark Age
Ending age
Imperial Age
RankedLock teamsTeams togetherTeam positionsShared explorationLock speedFull tech treeHidden civsTurbo modeCheats
Victory
Defeat
🇦🇷 Khmer · Argentina
1010
+13
🇦🇷 Bulgarians · Argentina
968
+15
🇲🇽 Britons · Mexico
858
+18
🇺🇸 Tatars · United States
977
-48
🇺🇸 Turks · United States
920
-15
🇮🇳 Italians · India
909
-14
Pornelius Hubert
9:46 Feudal Age
10:24 Loom
11:30 Double-Bit Axe
14:58 Loom
21:00 Castle Age
22:38 Wheelbarrow
23:09 Bow Saw
24:22 Horse Collar
27:39 Heavy Plow
29:24 Hand Cart
34:05 Imperial Age
33:28 Husbandry
33:39 Bloodlines
33:58 Stirrups
34:38 Scale Barding Armor
34:44 Forging
35:55 Conscription
35:44 Gold Mining
36:45 Crop Rotation
37:25 Chain Barding Armor
37:41 Iron Casting
37:03 Elite Konnik
39:58 Gold Shaft Mining
40:57 Blast Furnace
39:57 Scale Mail Armor
40:33 Plate Barding Armor
40:48 Scale Mail Armor
43:26 Elite Skirmisher
44:11 Thumb Ring
44:08 Padded Archer Armor
44:00 Fletching
44:40 Town Watch
46:14 Onager
48:44 Stone Mining
Afterchabon
10:40 Feudal Age
13:39 Castle Age
12:24 Double-Bit Axe
12:21 Horse Collar
12:33 Loom
22:53 Wheelbarrow
23:20 Heavy Plow
24:20 Hand Cart
27:34 Imperial Age
25:23 Hand Cart
26:29 Town Watch
28:24 Bow Saw
28:29 Double Crossbow
27:53 Capped Ram
29:08 Gold Mining
30:13 Crop Rotation
29:53 Stone Mining
31:29 Gold Shaft Mining
30:37 Heavy Scorpion
32:55 Stone Shaft Mining
32:46 Siege Ram
35:18 Chemistry
34:38 Town Patrol
38:22 Light Cavalry
39:13 Bloodlines
39:03 Husbandry
41:30 Hussar
46:57 Conscription
50:24 Onager
totielrey9843
11:10 Feudal Age
13:31 Horse Collar
13:43 Double-Bit Axe
18:38 Castle Age
17:04 Stone Mining
21:22 Heavy Plow
21:34 Bow Saw
25:11 Fletching
25:22 Padded Archer Armor
29:50 Wheelbarrow
29:35 Leather Archer Armor
31:31 Bodkin Arrow
33:58 Hand Cart
35:34 Yeomen
39:12 Imperial Age
44:10 Ring Archer Armor
43:41 Bracer
45:43 Chemistry
44:29 Arrowslits
44:50 Siphons
44:42 Elite Longbowman
45:23 Warwolf
Welches So Wavy
11:45 Loom
13:31 Feudal Age
18:54 Castle Age
16:54 Double-Bit Axe
16:54 Horse Collar
19:17 Gold Mining
21:53 Wheelbarrow
27:22 Bow Saw
28:36 Heavy Plow
30:22 Hand Cart
34:22 Imperial Age
33:12 Gold Shaft Mining
33:02 Forging
32:58 Scale Barding Armor
34:52 Ballistics
34:15 Treadmill Crane
35:41 Iron Casting
35:27 Chain Barding Armor
35:08 Scale Mail Armor
35:09 Padded Archer Armor
34:59 Fletching
35:49 Artillery
35:44 Heavy Camel Rider
36:35 Bloodlines
36:26 Husbandry
35:47 Cavalier
37:20 Conscription
36:22 Elite Janissary
38:22 Blast Furnace
38:30 Heavy Scorpion
44:58 Two-Man Saw
Doublenum
6:46 Loom
13:16 Feudal Age
15:30 Wheelbarrow
14:44 Double-Bit Axe
14:52 Gold Mining
14:44 Horse Collar
21:07 Castle Age
23:49 Stone Mining
24:50 Heavy Plow
27:18 Fletching
28:03 Light Cavalry
28:54 Bloodlines
28:54 Scale Barding Armor
28:59 Forging
30:06 Bow Saw
30:12 Husbandry
31:19 Scale Mail Armor
32:20 Iron Casting
33:24 Ballistics
34:12 Gold Shaft Mining
34:07 Chain Barding Armor
38:50 Imperial Age
36:46 Hand Cart
42:02 Blast Furnace
darkLord
12:50 Feudal Age
16:49 Castle Age
15:16 Double-Bit Axe
17:28 Forging
21:52 Town Watch
21:59 Horse Collar
25:59 Heavy Plow
27:21 Fletching
31:36 Imperial Age
28:54 Loom
29:38 Bow Saw
30:45 Wheelbarrow
31:00 Padded Archer Armor
33:35 Chemistry
34:05 Ballistics
34:36 Hand Cart
35:44 Gold Mining
36:34 Bodkin Arrow
36:54 Leather Archer Armor
37:16 Bracer
37:13 Light Cavalry
38:03 Bloodlines
37:54 Husbandry
39:56 Hoardings
40:38 Scale Mail Armor
40:46 Scale Barding Armor
41:49 Iron Casting
42:05 Chain Barding Armor
Connection lost

Rejoining the realm…

Still unreachable

The connection could not be restored.

Session expired

The server has moved on; the page needs a fresh start.